 Dungeon Crawl Stone Soup version 0.27-a0-34-gc18c9092ac (webtiles) character file.

Game seed: 18114528443725926700

14 hehateme the Grave Robber (level 2, 0/16 HPs)
             Began as a Kobold Necromancer on Jan 4, 2021.
             Slain by a hobgoblin
             ... wielding a cursed +0 club
              (6 damage)
             ... on level 1 of the Dungeon.
             The game lasted 00:02:10 (937 turns).

hehateme the Grave Robber (Kobold Necromancer)       Turns: 937, Time: 00:02:11

Health: 0/16       AC:  2    Str:  5    XL:     2   Next: 55%
Magic:  5/5        EV: 15    Int: 16    God:
Gold:   28         SH:  0    Dex: 15    Spells: 3/5 levels left

rFire    . . .     SeeInvis .   b - +0 dagger
rCold    . . .     Faith    .   (shield restricted)
rNeg     . . .     Spirit   .   a - +0 robe
rPois    .         Reflect  .   (no helmet)
rElec    .         Harm     .   (no cloak)
rCorr    .         Rampage  .   (no gloves)
Will     .....                  (no boots)
Stlth    +++.......             (no amulet)
HPRegen  0.05/turn              (no ring)
MPRegen  0.09/turn              (no ring)

@: no status effects
A: small, nightstalker 3
a: no special abilities


You were on level 1 of the Dungeon.
You visited 1 branch of the dungeon, and saw 1 of its levels.

You collected 28 gold pieces.

Inventory:

Hand Weapons
 b - a +0 dagger (weapon)
Missiles
 c - 34 sling bullets
 Q - 25 stones (quivered)
Armour
 a - a +0 robe (worn)
 e - a +2 cloak
Jewellery
 g - a cursed amulet of inaccuracy {unknown}
Scrolls
 d - 3 scrolls of identify {unknown}
 j - 2 scrolls of enchant armour {unknown}
Potions
 f - a potion of haste {unknown}
 h - a potion of brilliance {unknown}
 i - a potion of curing {unknown}


   Skills:
 + Level 1.1 Fighting
 + Level 1.3 Short Blades
 + Level 0.7 Armour
 - Level 2.4 Dodging
 - Level 2.6 Stealth
 - Level 2.1 Spellcasting
 - Level 4.0 Necromancy


You had 3 spell levels left.
You knew the following spells:

 Your Spells              Type           Power        Failure   Level
a - Pain                  Necr           56%          4%          1
A - Animate Skeleton      Necr           28%          4%          1

Your spell library contained the following spells:

 Spells                   Type           Power        Failure   Level
 Vampiric Draining        Necr           7%           12%         3
 Animate Dead             Necr           7%           36%         4
 Agony                    Necr           14%          73%         5


Dungeon Overview and Level Annotations

Branches:
Dungeon (1/15)

Altars:


Innate Abilities, Weirdness & Mutations

You are small and have problems with some larger weapons.
You are completely attuned to the shadows.


Message History

The hobgoblin hits you with a cursed +0 club.
* * * LOW HITPOINT WARNING * * *
The bat hits you but does no damage.
You take 2 damage, and have 6/16 hp.
Unknown command.
Unknown command.
Unknown command.
You hit the hobgoblin but do no damage. The bat hits you but does no damage.
The hobgoblin completely misses you.
Unknown command.
You hit the hobgoblin but do no damage. The bat hits you but does no damage.
The hobgoblin misses you.
The hobgoblin hits you but does no damage.
Unknown command.
You closely miss the hobgoblin. The bat barely misses you.
The hobgoblin completely misses you. The bat completely misses you.
The hobgoblin barely misses you.
You hit the hobgoblin but do no damage. The bat misses you.
The hobgoblin hits you with a cursed +0 club.
You die...

#.>#.. #..#.. ######
#######..... ......#
#...........
.......###.###....##.
.$.........# #.#..##.
...b...#######.#.....
.......# #........
...g@..# ##.#.≈≈≈≈≈
#####g## ##....≈####
#.#####..#..≈#..8
#...........≈#...
##......##.≈#...
.#..#....≈#...
#.#####.≈#8.8 ..
#.≈##'# #.≈≈#.#

Skill      XL: |  1  2 |
---------------+-------+-----
Short Blades   | 1 |  1.3
Fighting       | 1 |  1.1
Armour         | |  0.7
Dodging        | |  2.4
Stealth        | |  2.6
Spellcasting   | |  2.1
Necromancy     | |  4.0

Notes
Turn   | Place    | Note
-------+----------+-------------------------------------------
     0 | D:1      | hehateme the Kobold Necromancer began the quest for the
                  | Orb.
     0 | D:1      | Reached XP level 1. HP: 10/10 MP: 3/3
     7 | D:1      | Learned a level 1 spell: Animate Skeleton
   467 | D:1      | Reached skill level 1 in Short Blades
   467 | D:1      | Reached XP level 2. HP: 16/16 MP: 5/5
   547 | D:1      | Reached skill level 1 in Fighting
   937 | D:1      | Slain by a hobgoblin

Table legend: (Time is in decaauts)
 A = Elapsed time spent in this place.
 B = Non-inter-level travel time spent in this place.
 C = Inter-level travel time spent in this place.
 D = Time resting spent in this place.
 E = Time spent auto-exploring this place.
 F = Levels seen in this place.
 G = Mean time per level.
                   A        B        C        D        E       F      G
               +--------+--------+--------+--------+--------+-----+--------+
         Total |    936 |    936 |      0 |    180 |    621 |   1 |  936.0 |
       Dungeon |    936 |    936 |      0 |    180 |    621 |   1 |  936.0 |
               +--------+--------+--------+--------+--------+-----+--------+

Top non-repeatable levels by time:
     D:1: 936 daAuts

Table legend:
 A = Kills in this place as a percentage of kills in entire the game.
 B = Kills by you in this place as a percentage of kills by you in the entire game.
 C = Kills by friends in this place as a percentage of kills by friends in the entire game.
 D = Other kills in this place as a percentage of other kills in the entire game.
 E = Experience gained in this place as a percentage of experience gained in the entire game.
 F = Experience gained in this place divided by the number of levels of this place that you have seen.
                   A       B       C       D       E      F
               +-------+-------+-------+-------+-------+----------------------
         Total | 100.0 | 100.0 |   N/A |   N/A | 100.0 |  20.0
       Dungeon | 100.0 | 100.0 |   N/A |   N/A | 100.0 |  20.0
               +-------+-------+-------+-------+-------+----------------------

Action                   || total
-------------------------++-------
Melee: Dagger            ||    62
 Cast: Animate Skeleton  ||     4
 Stab: Sleeping          ||     8
Armor: Robe              ||    24
Dodge: Dodged            ||    69

Vanquished Creatures
  5 bats (D:1)
  A bat zombie (D:1)
  A giant cockroach (D:1)
  A goblin (D:1)
  2 hobgoblins (D:1)
  A ball python zombie (D:1)
  A frilled lizard (D:1)
  A rat (D:1)
13 creatures vanquished. You could see 2 hobgoblins and a bat.

Levels and vault maps discovered:
D:1:      saegor_arrival_fortress, layout_rooms
